 Dungeon Crawl Stone Soup version 0.31.0-4-g52a2dc7128 (webtiles) character file.

Game seed: 3993272936607089456

436 dialectric the Cudgeller (level 6, 0/51 HPs)
             Began as a Minotaur Gladiator on Jan 22, 2024.
             Succumbed to a water moccasin's poison
             ... on level 5 of the Dungeon.
             The game lasted 00:02:54 (1795 turns).

dialectric the Cudgeller (Minotaur Gladiator)       Turns: 1795, Time: 00:02:54

Health: 0/51       AC:  7    Str: 20    XL:     6   Next: 69%
Magic:  5/5        EV: 13    Int:  5    God:
Gold:   127        SH:  0    Dex: 12    Spells: 5/5 levels left

rFire   . . .        a - +0 flail
rCold   . . .        (no shield)
rNeg    . . .        b - +0 leather armour
rPois   .            c - +0 hat
rElec   .            (no cloak)
rCorr   +            (no gloves)
SInv    .            (no boots)
Will    .....        (no amulet)
Stlth   +            g - +4 ring of protection
HPRegen 0.28/turn    f - ring of resist corrosion
MPRegen 0.09/turn

%: no passive effects
@: lethally poisoned (0 -> -25)
A: horns 2, retaliatory headbutt
a: no special abilities


You were on level 5 of the Dungeon.
You visited 1 branch of the dungeon, and saw 5 of its levels.

You collected 127 gold pieces.

Inventory:

Hand Weapons
 a - a +0 flail (weapon)
Missiles
 d - 2 throwing nets (quivered)
 e - a javelin
 q - 10 poisoned darts
Armour
 b - a +0 leather armour (worn)
 c - a +0 hat (worn)
Jewellery
 f - a ring of resist corrosion (right hand)
 g - a +4 ring of protection (left hand)
 l - a ring of wizardry
Scrolls
 h - a scroll of fear
 i - a scroll of fog {unknown}
 k - a scroll of immolation {unknown}
 m - a scroll of brand weapon {unknown}
 n - a scroll of vulnerability {unknown}
 o - a scroll of silence {unknown}
 s - a scroll of noise {unknown}
 t - a scroll of enchant weapon {unknown}
 u - a scroll of enchant armour {unknown}
 x - 2 scrolls of identify {unknown}
 y - a scroll of poison {unknown}
Potions
 j - a potion of attraction {unknown}
 p - 2 potions of lignification {unknown}
 v - a potion of invisibility {unknown}
 w - a potion of haste {unknown}


   Skills:
 + Level 3.5 Fighting
 + Level 6.2 Maces & Flails
 - Level 2.0 Throwing
 * Level 4.2 Armour
 - Level 5.0 Dodging


You had 5 spell levels left.
You didn't know any spells.
Your spell library was empty.

Dungeon Overview and Level Annotations

Branches:
Dungeon (5/15)
 Temple: D:4-7

Altars:
Wu Jian
Zin

Annotations:
D:2 Sigmund
D:4 Dowan, Duvessa, Eustachio


Innate Abilities, Weirdness & Mutations

You have a pair of horns on your head.
You reflexively headbutt those who attack you in melee.


Message History

You headbutt the centaur!
The centaur kicks you but does no damage.
The water moccasin bites you.
You are more poisoned.
The water moccasin poisons you!
The centaur hits you but does no damage.
The centaur kicks you but does no damage.
Unknown command.
You hit the centaur.
The centaur is severely wounded.
You feel very sick.
An adder comes into view.
The centaur closely misses you. The centaur kicks you.
The water moccasin bites you but does no damage.
Unknown command.
You barely miss the centaur.
The centaur is severely wounded.
You feel very sick. The centaur closely misses you.
The centaur kicks you but does no damage.
The water moccasin misses you. The centaur hits you.
The centaur kicks you but does no damage.
The water moccasin bites you.
* * * LOW HITPOINT WARNING * * *
You barely miss the centaur.
The adder hisses angrily.
You headbutt the centaur, but do no damage.
The centaur is severely wounded.
* * * LOW HITPOINT WARNING * * *
You feel very sick.
Cornered, the hound turns to fight!
The centaur barely misses you. You furiously retaliate!
You headbutt the centaur!
You kill the centaur!
The water moccasin bites you.
* * * LOW HITPOINT WARNING * * *
You are more poisoned.
The water moccasin poisons you!
Your Maces & Flails skill increases to level 6!
Your Armour skill increases to level 4!
You die...

#........ ....#
#....#### ....##
## #..### #...##
.## #..# #....##
..## ....#
#....#####...#
.#...#
#..........#
####...
##...†..#### #
##.. #.....## #
#..# #@S.### #
....# #.S##
.....###..#
#...>.##
###..5.##### ##
###......####.#
##...........#
###..h.######..#
###.........###..#


You could see a water moccasin, a hound (fleeing), an adder and a white imp
(fleeing).

Vanquished Creatures
  A water moccasin (D:5)
  A centaur (D:5)
  A scorpion (D:5)
  A jelly (D:5)
  A bombardier beetle (D:5)
  A hound (D:5)
  An orc wizard (D:5)
  3 adders
  2 dart slugs
  2 ribbon worms
  4 orcs
  6 endoplasms
  A giant cockroach (D:5)
  5 goblins
  3 hobgoblins
  3 jackals (D:2)
  2 quokkas
  6 ball pythons
  4 frilled lizards
  2 kobolds
  A rat (D:1)
51 creatures vanquished.

Notes
Turn   | Place    | Note
-------+----------+-------------------------------------------
     0 | D:1      | dialectric the Minotaur Gladiator began the quest for the
                  | Orb.
     0 | D:1      | Reached XP level 1. HP: 18/18 MP: 0/0
   396 | D:1      | Reached XP level 2. HP: 24/25 MP: 1/1
   468 | D:1      | Reached skill level 4 in Maces & Flails
   597 | D:2      | Reached skill level 1 in Armour
   692 | D:2      | Reached XP level 3. HP: 30/30 MP: 2/2
   788 | D:2      | Noticed Sigmund
  1046 | D:3      | You fall into a shaft and drop 2 floors!
  1046 | D:5      | Entered Level 5 of the Dungeon
  1060 | D:5      | Noticed a water moccasin
  1068 | D:5      | Killed a water moccasin
  1069 | D:5      | Reached skill level 5 in Maces & Flails
  1069 | D:5      | Reached XP level 4. HP: 37/38 MP: 3/3
  1069 | D:5      | Reached XP level 5. HP: 44/45 MP: 4/4
  1096 | D:5      | Found an ornate altar of the Wu Jian Council.
  1257 | D:4      | Found a glowing silver altar of Zin.
  1278 | D:4      | Noticed Duvessa
  1279 | D:4      | Noticed Dowan
  1350 | D:4      | Noticed Eustachio
  1397 | D:5      | Reached XP level 6. HP: 32/51 MP: 5/5
  1727 | D:5      | Reached skill level 5 in Dodging
  1781 | D:5      | Noticed a water moccasin
  1795 | D:5      | Reached skill level 6 in Maces & Flails
  1795 | D:5      | Succumbed to a water moccasin's poison

Illustrated notes

Levels and vault maps discovered:
D:1:      dpeg_arrival_concentric_ovals, layout_basic,
          shapermc_ecumenical_altar_mp_urbaneastern
D:2:      layout_basic, uniq_sigmund, uniq_jessica
D:3:      layout_basic, kennysheep_okawaru_gauntlet, jmf_multi_god_temple2
D:4:      layout_rooms, amcnicky_altar_gilded, uniq_duvessa, uniq_eustachio,
          uniq_blork_the_orc
D:5:      layout_layer_cave, kennysheep_mini_moat, mainiacjoe_overflow_alcove_4,
          minmay_temple_entry_antechambers

Skill      XL: |  1  2  3  4  5  6 |
---------------+-------------------+-----
Maces & Flails | 4 5 6 |  6.2
Armour         | 1 2 3 4 |  4.2
Fighting       | 3 |  3.5
Dodging        | 4 5 |  5.0
Throwing       | |  2.0

Action                     |  1- 3 |  4- 6 || total
---------------------------+-------+-------++-------
  Melee: Flail             |    58 |    57 ||   115
         Headbutt          |    13 |     9 ||    22
         Punch             |     1 |       ||     1
  Throw: Throwing net      |     1 |       ||     1
    Use: Potion            |       |     2 ||     2
         Scroll            |       |     1 ||     1
   Stab: Held in net/web   |     1 |       ||     1
 Armour: Leather armour    |    34 |    91 ||   125
  Dodge: Dodged            |    34 |    70 ||   104
